Map: Berlingrad LE

Players

Pandemic - Winner!

  • Race: Terran Terran
  • League: Platinum

Heracles

  • Race: Protoss Protoss
  • League: Gold

VOD

Have the link to the VOD?

Description

Time

  • Played on: Oct. 23, 2021, 11:17 a.m.
  • Length: 13:35
Show
View Real Time Build Order
Export as new Build Order

Pandemic Terran - Winner!

Build Orders:  

Get SALT Encoding   

  12  0:00  SCV  
  13  0:12  SCV  
  14  0:16  Supply Depot  
  14  0:24  SCV  
  15  0:29  Refinery  
  15  0:38  SCV  
  16  0:46  Barracks  
  16  0:50  SCV  
  17  1:02  SCV  
  18  1:14  SCV  
  19  1:32  Orbital Command  
  19  1:34  Marine  
  20  1:43  Command Center  
  20  1:53  Barracks Reactor  
  20  1:58  Supply Depot, SCV  
  21  2:10  SCV  
  21  2:15  Factory  
  22  2:23  SCV  
  22  2:27  Bunker  
  23  2:30  Marine x2  
  23  2:35  SCV  
  26  2:47  SCV  
  26  2:48  Marine x2  
  26  2:50  Refinery  
  29  2:57  Orbital Command  
  29  3:00  Starport, SCV  
  30  3:06  Factory Reactor  
  30  3:08  Widow Mine  
  30  3:12  SCV  
  33  3:17  Marine x2  
  35  3:24  SCV  
  35  3:26  Supply Depot, SCV  
  37  3:30  Widow Mine  
  39  3:36  SCV  
  39  3:37  Barracks  
  39  3:40  Barracks  
  40  3:43  SCV  
  40  3:47  Starport Tech Lab  
  41  3:51  Factory Tech Lab  
  41  3:54  Factory Tech Lab  
  41  3:55  SCV  
  42  3:56  SCV  
  42  4:00  Supply Depot  
  43  4:05  Supply Depot  
  43  4:07  SCV  
  43  4:08  SCV  
  45  4:17  Marine x2  
  45  4:18  Starport Reactor  
  45  4:19  SCV  
  45  4:20  SCV  
  45  4:21  Factory Reactor  
  49  4:24  Supply Depot  
  50  4:31  SCV  
  50  4:32  SCV  
  50  4:33  Engineering Bay  
  50  4:35  Marine x2  
  50  4:36  Marauder  
  55  4:40  Stimpack  
  55  4:41  Combat Shield  
  55  4:43  SCV  
  55  4:44  SCV  
  57  4:47  Refinery  
  59  4:55  Marauder, SCV  
  59  4:57  SCV  
  59  4:58  Marauder  
  63  5:01  Supply Depot  
  63  5:02  Medivac  
  63  5:04  Medivac  
  63  5:06  Widow Mine, Marine  
  70  5:07  SCV, Marine  
  70  5:11  SCV  
  73  5:16  Refinery  
  73  5:19  SCV  
  73  5:20  Marauder x2  
  78  5:23  SCV  
  79  5:31  SCV  
  79  5:35  SCV  
  83  5:36  Widow Mine x2, Marine  
  86  5:48  Supply Depot  
  86  5:49  Supply Depot  
  86  5:56  Command Center  
  86  6:09  SCV x2, Marine x2  
  86  6:10  Marauder, Medivac x2, Widow Mine  
  86  6:11  Marauder, Supply Depot  
  100  6:18  Terran Infantry Weapons Level 1  
  100  6:21  Widow Mine  
  102  6:32  Marine x2  
  102  6:33  Marauder x2, SCV x2  
  102  6:34  Supply Depot x2  
  110  6:45  SCV x2  
  110  6:50  Widow Mine x2  
  110  6:53  Marine x2  
  110  6:55  Marauder x2, Medivac  
  110  6:57  SCV x2  
  117  7:09  SCV  
  117  7:11  Widow Mine, Marine x2  
  117  7:15  Medivac  
  121  7:16  Widow Mine  
  121  7:18  Marauder x2  
  121  7:19  Concussive Shells  
  127  7:28  Marine  
  128  7:33  Widow Mine  
  128  7:35  Refinery  
  130  7:39  Marauder x2  
  130  7:40  Barracks, Engineering Bay  
  130  7:41  SCV x2  
  130  7:43  Armory  
  136  7:48  Orbital Command  
  136  7:53  SCV  
  136  7:57  Supply Depot  
  136  7:58  Supply Depot  
  137  7:59  SCV  
  137  8:01  Marauder  
  137  8:02  Marauder  
  138  8:07  SCV  
  138  8:08  Medivac  
  138  8:12  Terran Infantry Armor Level 1  
  141  8:18  Marine x2  
  141  8:19  Medivac, SCV  
  146  8:22  Marauder  
  146  8:23  Marauder  
  131  8:36  Marine x2  
  131  8:38  Barracks Reactor  
  131  8:39  Terran Infantry Weapons Level 2  
  133  8:43  Marine  
  133  8:44  Barracks, Marine  
  133  8:45  Barracks  
  127  8:54  Marine x2  
  125  9:01  Marine  
  125  9:02  Terran Vehicle And Ship Armor Level 1, Marine  
  121  9:03  Starport  
  119  9:12  Marine x2  
  119  9:14  SCV  
  122  9:18  Marine  
  122  9:20  Marine  
  122  9:21  Widow Mine x2  
  122  9:23  Factory  
  128  9:30  Marine x2  
  130  9:32  Marine x2  
  130  9:34  Barracks Reactor  
  130  9:35  Supply Depot  
  130  9:36  Barracks Reactor, Marine  
  130  9:38  Supply Depot, Marine  
  132  9:39  Medivac x2  
  132  9:40  Starport Tech Lab  
  132  9:42  Widow Mine x2  
  141  9:45  SCV  
  141  9:47  Marine x2  
  141  9:49  Refinery  
  141  9:50  Marine  
  141  9:51  Command Center  
  144  9:54  Marine  
  144  9:56  Marine  
  144  10:01  Supply Depot  
  144  10:02  Marine  
  144  10:05  Marine x2  
  144  10:07  Marine  
  144  10:11  Factory Tech Lab, Supply Depot  
  144  10:12  Marine  
  144  10:13  Medivac, Raven, Marine  
  151  10:14  Marine x2  
  151  10:15  Marine x2  
  151  10:20  Marine  
  151  10:22  Medivac  
  151  10:23  Marine x2  
  151  10:24  Supply Depot  
  151  10:25  Marine  
  149  10:30  Marine  
  149  10:31  Marine  
  149  10:32  Marine x3  
  149  10:34  Supply Depot  
  148  10:38  Marine  
  148  10:41  Marine x2  
  144  10:43  Medivac, Marine  
  144  10:47  Marine  
  144  10:49  Terran Infantry Armor Level 2, Marine  
  149  10:52  Medivac, Marine x4  
  149  10:53  SCV x2  
  149  10:54  SCV  
  149  10:55  Marine  
  149  10:56  Raven  
  161  10:57  Supply Depot  
  161  10:59  Marine x2  
  161  11:01  Marine  
  164  11:05  SCV x2, Marine  
  164  11:07  SCV, Marine  
  164  11:10  Marine x4  
  173  11:13  Medivac, Marine  
  173  11:17  Marine x2  
  178  11:19  Marine  
  178  11:20  Siege Tank  
  178  11:22  Medivac, Widow Mine  
  178  11:23  Marine  
  178  11:25  Marine  
  188  11:27  Marine  
  188  11:28  Marine x3  
  188  11:31  Marine  
  193  11:34  Marine x2  
  193  11:37  Marine  
  193  11:39  Medivac  
  198  11:41  Marauder  
  198  11:43  Medivac  
  197  11:48  Marine  
  197  11:49  Marine x3  
Show
View Real Time Build Order
Export as new Build Order

Heracles Protoss 

Build Orders: 1 Gate Expand, Double Forge 

Get SALT Encoding   

  12  0:04  Probe  
  13  0:16  Probe  
  13  0:19  Pylon  
  14  0:28  Probe  
  15  0:38  Gateway  
  15  0:40  Probe  
  16  0:44  Assimilator  
  16  0:53  Probe (Chrono Boost)  
  18  1:05  Probe (Chrono Boost)  
  18  1:10  Probe (Chrono Boost)  
  19  1:23  Probe  
  20  1:27  Nexus  
  20  1:36  Assimilator  
  20  1:45  Cybernetics Core  
  20  1:48  Probe  
  21  1:57  Assimilator  
  21  2:01  Probe  
  21  2:13  Probe  
  22  2:17  Warp Gate (Chrono Boost)  
  22  2:25  Probe  
  22  2:28  Twilight Council  
  23  2:39  Probe (Chrono Boost)  
  23  2:40  Probe (Chrono Boost)  
  25  2:50  Probe (Chrono Boost)  
  25  2:51  Probe (Chrono Boost)  
  27  2:55  Pylon  
  27  2:59  Probe x2  
  29  3:10  Pylon  
  29  3:11  Probe x2  
  31  3:15  Stargate  
  31  3:18  Robotics Facility  
  31  3:28  Probe  
  31  3:29  Probe  
  31  3:33  Forge  
  33  3:37  Forge  
  33  3:40  Probe  
  33  3:41  Probe  
  35  3:42  Assimilator  
  35  3:50  Charge  
  35  3:53  Probe x2  
  37  4:05  Probe x2, Oracle  
  37  4:06  Protoss Air Weapons Level 1  
  42  4:15  Assimilator  
  42  4:17  Probe x2  
  44  4:25  Protoss Ground Weapons Level 1  
  44  4:27  Gateway x2  
  44  4:31  Gateway  
  44  4:38  Protoss Shields Level 1  
  44  4:49  Stalker  
  44  4:51  Probe x2  
  48  5:03  Probe  
  49  5:08  Nexus  
  49  5:10  Pylon  
  49  5:13  Stalker  
  51  5:20  Void Ray  
  52  5:30  Observer  
  53  5:43  Probe  
  54  6:03  Pylon  
  54  6:08  Stargate  
  54  6:10  Fleet Beacon  
  54  6:13  Void Ray  
  58  6:36  Protoss Air Armor Level 1  
  58  6:44  Stalker x4  
  65  6:48  Observer (Chrono Boost)  
  56  7:01  Observer (Chrono Boost)  
  53  7:10  Stalker x4  
  58  7:26  Pylon, Immortal  
  58  7:28  Pylon  
  62  7:48  Pylon  
  62  7:49  Stalker x4  
  62  7:50  Pylon  
  70  7:57  Protoss Ground Weapons Level 2  
  66  8:12  Shield Battery  
  66  8:17  Stalker x4  
  74  8:26  Robotics Bay  
  68  8:41  Stalker x4  
  50  8:56  Shield Battery  
  50  8:57  Void Ray x2  
  50  8:58  Photon Cannon  
  58  9:34  Void Ray x2  
  54  9:40  Stalker x2  
  66  10:03  Zealot x4  
  39  10:34  Zealot x4  
  47  10:38  Void Ray x2 (Chrono Boost)  
  39  11:03  Observer  
  40  11:16  Void Ray x2  
  48  11:30  Pylon x2  
  48  11:32  Pylon  
  47  11:44  Zealot  
  47  11:45  Zealot  
Tags
 
Add a new tag
Caveats
  • Supply blocks, unpowered buildings, or Contaminate may cause inaccurate times.
  • Supply counts are checked every 10 seconds.